TOP OF THE 1ST |
Atlanta Braves batting - Pitching for New York Mets : RHP Chris Painter
|
Pitching: RHP Chris Painter
|
|
Batting: RHB Liangde Li
|
0-0: Called Strike 0-1: Ball 1-1: Foul Ball, location: 2F 1-2: Strikes out swinging
|
Batting: RHB Jordan Martin
|
0-0: Ball 1-0: Ball 2-0: Ball 3-0: Called Strike 3-1: Swinging Strike 3-2: Base on Balls
|
Batting: RHB Jeckel Hester
|
0-0: Called Strike Jordan Martin steals 2nd base 0-1: Swinging Strike 0-2: Strikes out looking
|
Batting: RHB Butch Kaiser
|
0-0: Called Strike 0-1: Swinging Strike 0-2: Ball 1-2: Strikes out swinging
|
Top of the 1st over - 0 runs, 0 hits, 0 errors, 1 left on base; Atlanta 0 - New York 0 |
BOTTOM OF THE 1ST |
New York Mets batting - Pitching for Atlanta Braves : RHP Jimmy Tasso
|
Pitching: RHP Jimmy Tasso
|
|
Batting: LHB Kevin Bellman
|
0-0: Called Strike 0-1: Ball 1-1: Foul Ball, location: 2F 1-2: Ball 2-2: Foul Ball, location: 2F 2-2: Ball 3-2: Fly out, F9 (Flyball, 9D, EV 106.9 MPH)
|
Batting: SHB Javy Rosa
|
0-0: Ball 1-0: Ball 2-0: Ground out 1-3 (Groundball, 34S, EV 62.5 MPH)
|
Batting: SHB Sean Cook
|
0-0: SOLO HOME RUN (Flyball, 7D, EV 93.8 MPH), Distance : 375 ft
|
Batting: SHB Harry Hoop
|
0-0: Ball 1-0: Called Strike 1-1: Swinging Strike 1-2: Foul Ball, location: 2F 1-2: Foul Ball, location: 2F 1-2: Strikes out swinging
|
Bottom of the 1st over - 1 run, 1 hit, 0 errors, 0 left on base; Atlanta 0 - New York 1 |
TOP OF THE 2ND |
Atlanta Braves batting - Pitching for New York Mets : RHP Chris Painter
|
Batting: SHB Brian Bagley
|
0-0: Ball 1-0: Foul Ball, location: 2F 1-1: Ball 2-1: SINGLE (Groundball, 4MD, EV 100.0 MPH)
|
Batting: LHB Helge Jivotovsky
|
0-0: Ball 1-0: Grounds into double play, 3-6-3 (Groundball, 3, EV 89.4 MPH)
|
Batting: LHB Davey Schonewille
|
0-0: Ball 1-0: Called Strike 1-1: Called Strike 1-2: Strikes out looking
|
Top of the 2nd over - 0 runs, 1 hit, 0 errors, 0 left on base; Atlanta 0 - New York 1 |
BOTTOM OF THE 2ND |
New York Mets batting - Pitching for Atlanta Braves : RHP Jimmy Tasso
|
Batting: RHB Jeff Jank
|
0-0: Swinging Strike 0-1: Called Strike 0-2: Ball 1-2: SOLO HOME RUN (Flyball, 89XD, EV 109.4 MPH), Distance : 420 ft
|
Batting: SHB Jonathan Jenkins
|
0-0: Called Strike 0-1: Ball 1-1: Swinging Strike 1-2: SINGLE (Line Drive, 89S, EV 91.2 MPH)
|
Batting: RHB Jesus Chavez
|
0-0: Called Strike 0-1: Foul Ball, location: 2F 0-2: Ball 1-2: Foul Ball, location: 2F 1-2: Ball 2-2: Ball 3-2: Base on Balls Jonathan Jenkins to second
|
Batting: LHB Sal Fernandez
|
0-0: Foul Ball, location: 2F 0-1: Fielders Choice at 2nd, 4-6 (Groundball, 4M, EV 98.8 MPH) Jonathan Jenkins to third
|
Batting: SHB Scott Scott
|
0-0: Ball Sal Fernandez steals 2nd, throwing error, E2 Jonathan Jenkins scores Sal Fernandez to third 1-0: Fly out, F8 (Flyball, 8LS, EV 91.2 MPH)
|
Batting: LHB Kevin Bellman
|
0-0: Fly out, F9 (Flyball, 89M, EV 87.5 MPH)
|
Bottom of the 2nd over - 2 runs, 2 hits, 1 error, 1 left on base; Atlanta 0 - New York 3 |
TOP OF THE 3RD |
Atlanta Braves batting - Pitching for New York Mets : RHP Chris Painter
|
Batting: RHB Tade Post
|
0-0: Ground out 4-3 (Groundball, 4, EV 106.9 MPH)
|
Batting: RHB Alex Munoz
|
0-0: Foul Ball, location: 2F 0-1: Ground out 6-3 (Groundball, 6, EV 85.0 MPH)
|
Batting: RHB Liangde Li
|
0-0: Ball 1-0: Ball 2-0: Called Strike 2-1: Ball 3-1: Base on Balls
|
Batting: RHB Jordan Martin
|
0-0: Ball 1-0: Ball Liangde Li steals 2nd base (no throw) 2-0: SINGLE (Line Drive, 56D, EV 110.0 MPH) Liangde Li to third Runner from 3rd tries for Home, SAFE, throw by LF to home
|
Batting: RHB Jeckel Hester
|
0-0: Ball Jordan Martin steals 2nd base 1-0: DOUBLE (Line Drive, 9LS, EV 110.6 MPH) Jordan Martin scores
|
Batting: RHB Butch Kaiser
|
0-0: Foul Ball, location: 2F 0-1: Ball 1-1: Ball 2-1: Fly out, F9 (Flyball, 89D, EV 88.8 MPH)
|
Top of the 3rd over - 2 runs, 2 hits, 0 errors, 1 left on base; Atlanta 2 - New York 3 |
BOTTOM OF THE 3RD |
New York Mets batting - Pitching for Atlanta Braves : RHP Jimmy Tasso
|
Batting: SHB Javy Rosa
|
0-0: Swinging Strike 0-1: Ball 1-1: Ball 2-1: Ball 3-1: Swinging Strike 3-2: Base on Balls
|
Batting: SHB Sean Cook
|
0-0: Called Strike Javy Rosa steals 2nd base (no throw) 0-1: Ball 1-1: SINGLE (Groundball, 4MD, EV 104.4 MPH) (infield hit) Javy Rosa to third
|
Batting: SHB Harry Hoop
|
0-0: Foul Ball, location: 2F 0-1: Ball 1-1: Swinging Strike 1-2: Grounds into double play, 6-4-3 (Groundball, 6, EV 85.0 MPH) Javy Rosa scores
|
Batting: RHB Jeff Jank
|
0-0: Ball 1-0: Fly out, F5 (Line Drive, 5, EV 66.2 MPH)
|
Bottom of the 3rd over - 1 run, 1 hit, 0 errors, 0 left on base; Atlanta 2 - New York 4 |
TOP OF THE 4TH |
Atlanta Braves batting - Pitching for New York Mets : RHP Chris Painter
|
Batting: SHB Brian Bagley
|
0-0: Ball 1-0: Ball 2-0: SOLO HOME RUN (Flyball, 78XD, EV 98.8 MPH), Distance : 398 ft
|
Batting: LHB Helge Jivotovsky
|
0-0: Ball 1-0: SINGLE (Groundball, 4MD, EV 96.2 MPH)
|
Batting: LHB Davey Schonewille
|
0-0: Ball 1-0: Ball 2-0: Ball 3-0: Base on Balls Helge Jivotovsky to second
|
Batting: RHB Tade Post
|
0-0: SINGLE (Groundball, 56D, EV 96.2 MPH) Helge Jivotovsky to third Davey Schonewille to second Runner from 3rd tries for Home, SAFE, throw by LF to home
|
Batting: RHB Alex Munoz
|
0-0: Ball Davey Schonewille steals 3rd base 1-0: Ball 2-0: SINGLE (Groundball, 6MD, EV 109.4 MPH) Davey Schonewille scores Tade Post to second Runner from 2nd tries for 3rd, SAFE, throw by CF made to third Alex Munoz to second
|
Batting: RHB Liangde Li
|
0-0: Swinging Strike 0-1: Foul Ball, location: 2F 0-2: Ground out 4-3 (Groundball, 4, EV 89.4 MPH) Tade Post scores Alex Munoz to third
|
Batting: RHB Jordan Martin
|
0-0: Called Strike 0-1: Foul Ball, location: 2F 0-2: Fly out, F3 (Popup, 3SF, EV 81.9 MPH)
|
Batting: RHB Jeckel Hester
|
0-0: Ball Wild Pitch! Alex Munoz scores 1-0: Called Strike 1-1: Ball 2-1: Ground out 3-1 (Groundball, 34, EV 101.9 MPH)
|
Top of the 4th over - 5 runs, 4 hits, 0 errors, 0 left on base; Atlanta 7 - New York 4 |
BOTTOM OF THE 4TH |
New York Mets batting - Pitching for Atlanta Braves : RHP Jimmy Tasso
|
Batting: SHB Jonathan Jenkins
|
0-0: Ball 1-0: Ball 2-0: Ball 3-0: Called Strike 3-1: Base on Balls
|
Batting: RHB Jesus Chavez
|
0-0: Called Strike 0-1: Ball 1-1: Called Strike 1-2: Foul Ball, location: 2F 1-2: Ball 2-2: Strikes out swinging
|
Batting: LHB Sal Fernandez
|
0-0: Foul Ball, location: 2F 0-1: Foul Ball, location: 2F 0-2: Fly out, F5 (Flyball, 5D, EV 86.9 MPH)
|
Batting: SHB Scott Scott
|
0-0: Ball 1-0: Ball 2-0: Ball 3-0: Base on Balls Jonathan Jenkins to second
|
Batting: LHB Kevin Bellman
|
0-0: Swinging Strike 0-1: Ball 1-1: Swinging Strike 1-2: Foul Ball, location: 2F 1-2: Foul Ball, location: 2F 1-2: Strikes out swinging
|
Bottom of the 4th over - 0 runs, 0 hits, 0 errors, 2 left on base; Atlanta 7 - New York 4 |
TOP OF THE 5TH |
Atlanta Braves batting - Pitching for New York Mets : RHP Chris Painter
|
Pitching: RHP Victor Morin
|
|
Batting: RHB Butch Kaiser
|
0-0: Ball 1-0: Ball 2-0: Swinging Strike 2-1: Fly out, F6 (Popup, 4S, EV 82.5 MPH)
|
Batting: SHB Brian Bagley
|
0-0: Called Strike 0-1: Swinging Strike 0-2: Ball 1-2: Strikes out swinging
|
Batting: LHB Helge Jivotovsky
|
0-0: Called Strike 0-1: Swinging Strike 0-2: Strikes out looking
|
Top of the 5th over - 0 runs, 0 hits, 0 errors, 0 left on base; Atlanta 7 - New York 4 |
BOTTOM OF THE 5TH |
New York Mets batting - Pitching for Atlanta Braves : RHP Jimmy Tasso
|
Batting: SHB Javy Rosa
|
0-0: Ball 1-0: Ball 2-0: Ball 3-0: Called Strike 3-1: Base on Balls
|
Batting: SHB Sean Cook
|
0-0: Ball 1-0: Ball Javy Rosa steals 2nd base (no throw) 2-0: Ball 3-0: Called Strike 3-1: Base on Balls
|
Batting: SHB Harry Hoop
|
0-0: Ball Javy Rosa steals 3rd base Sean Cook to second 1-0: Ball 2-0: Foul Ball, location: 2F 2-1: Foul Ball, location: 2F 2-2: Strikes out swinging
|
Batting: RHB Jeff Jank
|
0-0: Called Strike 0-1: Ball 1-1: Ball 2-1: Ground out 4-3 (Groundball, 4, EV 88.1 MPH) Javy Rosa scores Sean Cook to third
|
Pitching: RHP T.J. Balko
|
|
Batting: SHB Jonathan Jenkins
|
0-0: TRIPLE (Flyball, 78XD, EV 104.4 MPH) Sean Cook scores
|
Batting: RHB Jesus Chavez
|
0-0: Swinging Strike 0-1: Swinging Strike 0-2: Strikes out swinging
|
Bottom of the 5th over - 2 runs, 1 hit, 0 errors, 1 left on base; Atlanta 7 - New York 6 |
TOP OF THE 6TH |
Atlanta Braves batting - Pitching for New York Mets : RHP Victor Morin
|
Batting: LHB Davey Schonewille
|
0-0: Called Strike 0-1: Called Strike 0-2: Strikes out looking
|
Batting: RHB Tade Post
|
0-0: Ball 1-0: Swinging Strike 1-1: Foul Ball, location: 2F 1-2: Strikes out looking
|
Batting: RHB Alex Munoz
|
0-0: Fly out, F7 (Flyball, 7D, EV 89.4 MPH)
|
Top of the 6th over - 0 runs, 0 hits, 0 errors, 0 left on base; Atlanta 7 - New York 6 |
BOTTOM OF THE 6TH |
New York Mets batting - Pitching for Atlanta Braves : RHP T.J. Balko
|
Batting: LHB Sal Fernandez
|
0-0: Ball 1-0: Ball 2-0: Fly out, F9 (Line Drive, 9, EV 98.8 MPH)
|
Batting: SHB Scott Scott
|
0-0: Ball 1-0: Called Strike 1-1: Foul Ball, location: 2F 1-2: SINGLE (Line Drive, 78S, EV 89.4 MPH)
|
Batting: LHB Kevin Bellman
|
0-0: Ball 1-0: Called Strike 1-1: Ball 2-1: Ball 3-1: 2-RUN HOME RUN (Flyball, 7LD, EV 96.2 MPH), Distance : 358 ft
|
Batting: SHB Javy Rosa
|
0-0: Ball 1-0: Foul Ball, location: 2F 1-1: Ball 2-1: Fly out, F6 (Popup, 6M, EV 79.4 MPH)
|
Batting: SHB Sean Cook
|
0-0: Ball 1-0: Ball 2-0: Ball 3-0: Called Strike 3-1: Base on Balls
|
Batting: SHB Harry Hoop
|
0-0: Ball Wild Pitch! Sean Cook to second 1-0: Called Strike 1-1: Swinging Strike 1-2: SINGLE (Line Drive, 7S, EV 90.6 MPH) Sean Cook to third Throwing error, E7 Sean Cook scores Harry Hoop to second
|
Batting: RHB Jeff Jank
|
0-0: Called Strike 0-1: Foul Ball, location: 2F 0-2: DOUBLE (Line Drive, 89XD, EV 110.6 MPH) Harry Hoop scores
|
Pitching: RHP Alex Montes
|
|
Batting: SHB Jonathan Jenkins
|
0-0: Called Strike 0-1: Ball 1-1: Ground out 2-3 (Groundball, 13S, EV 73.8 MPH)
|
Bottom of the 6th over - 4 runs, 4 hits, 1 error, 1 left on base; Atlanta 7 - New York 10 |
TOP OF THE 7TH |
Atlanta Braves batting - Pitching for New York Mets : RHP Victor Morin
|
Pitching: RHP Ben Dicks
|
|
Batting: RHB Liangde Li
|
0-0: Foul Ball, location: 2F 0-1: Ball 1-1: Ball 2-1: Ball 3-1: Called Strike 3-2: Ground out 4-3 (Groundball, 4, EV 84.4 MPH)
|
Batting: RHB Jordan Martin
|
0-0: Called Strike 0-1: Ground out 6-3 (Groundball, 6, EV 97.5 MPH)
|
Batting: RHB Jeckel Hester
|
0-0: Fly out, F8 (Flyball, 78M, EV 90.0 MPH)
|
Top of the 7th over - 0 runs, 0 hits, 0 errors, 0 left on base; Atlanta 7 - New York 10 |
BOTTOM OF THE 7TH |
New York Mets batting - Pitching for Atlanta Braves : RHP Alex Montes
|
Pitching: RHP Franz Holzknecht
|
|
Batting: RHB Jesus Chavez
|
0-0: Swinging Strike 0-1: Foul Ball, location: 2F 0-2: Ball 1-2: Strikes out swinging
|
Batting: LHB Sal Fernandez
|
0-0: Ball 1-0: Ball 2-0: DOUBLE (Groundball, 3L, EV 96.2 MPH)
|
Batting: SHB Scott Scott
|
0-0: Ball 1-0: Foul Ball, location: 2F 1-1: Called Strike 1-2: Ball 2-2: Strikes out swinging
|
Batting: LHB Kevin Bellman
|
0-0: Ground out 4-3 (Groundball, 4, EV 106.9 MPH)
|
Bottom of the 7th over - 0 runs, 1 hit, 0 errors, 1 left on base; Atlanta 7 - New York 10 |
TOP OF THE 8TH |
Atlanta Braves batting - Pitching for New York Mets : RHP Ben Dicks
|
Batting: RHB Butch Kaiser
|
0-0: Foul Ball, location: 2F 0-1: Foul Ball, location: 2F 0-2: Ball 1-2: Strikes out swinging
|
Batting: SHB Brian Bagley
|
0-0: Ball 1-0: Called Strike 1-1: Foul Ball, location: 2F 1-2: Ball 2-2: Strikes out swinging
|
Batting: LHB Helge Jivotovsky
|
0-0: Called Strike 0-1: Swinging Strike 0-2: Ball 1-2: Foul Ball, location: 2F 1-2: Strikes out swinging
|
Top of the 8th over - 0 runs, 0 hits, 0 errors, 0 left on base; Atlanta 7 - New York 10 |
BOTTOM OF THE 8TH |
New York Mets batting - Pitching for Atlanta Braves : RHP Franz Holzknecht
|
Pitching: RHP Jorge Mora
|
|
Batting: SHB Javy Rosa
|
0-0: Called Strike 0-1: Ball 1-1: Ball 2-1: TRIPLE (Flyball, 78XD, EV 103.1 MPH)
|
Batting: SHB Sean Cook
|
0-0: Intentional Walk
|
Batting: SHB Harry Hoop
|
0-0: Ball Sean Cook is caught stealing 2nd base 2-6 1-0: Intentional Walk
|
Batting: RHB Jeff Jank
|
0-0: Ball Harry Hoop steals 2nd base 1-0: Ball 2-0: Swinging Strike 2-1: Fly out, F9 (Flyball, 9D, EV 89.4 MPH) Runner from 3rd tags up, SCORES, no throw by RF
|
Batting: SHB Jonathan Jenkins
|
0-0: Ball 1-0: Fly out, F3 (Line Drive, 3, EV 64.4 MPH)
|
Bottom of the 8th over - 1 run, 1 hit, 0 errors, 1 left on base; Atlanta 7 - New York 11 |
TOP OF THE 9TH |
Atlanta Braves batting - Pitching for New York Mets : RHP Ben Dicks
|
Pitching: LHP Jose Vega
|
|
Batting: LHB Davey Schonewille
|
0-0: Ball 1-0: Called Strike 1-1: Foul Ball, location: 2F 1-2: Ball 2-2: Ball 3-2: Strikes out swinging
|
Batting: RHB Tade Post
|
0-0: Called Strike 0-1: Foul Ball, location: 2F 0-2: Ground out 6-3 (Groundball, 6M, EV 91.9 MPH)
|
Batting: RHB Alex Munoz
|
0-0: Ground out 5-3 (Groundball, 56, EV 96.2 MPH)
|
Top of the 9th over - 0 runs, 0 hits, 0 errors, 0 left on base; Atlanta 7 - New York 11 |
|